 Dungeon Crawl Stone Soup version 0.18.1-50-g88ac8fd (webtiles) character file.

2230 magog001 the Blocker (level 9, -14/78 HPs)
             Began as a Minotaur Fighter on Dec 26, 2016.
             Killed from afar by an orc wizard (34 damage)
             ... with an exploding inner flame
             ... hexed by the player character
             ... on level 7 of the Dungeon.
             The game lasted 00:48:13 (6252 turns).

magog001 the Blocker (Minotaur Fighter)             Turns: 6252, Time: 00:48:14

Health: -14/78     AC: 15    Str: 24    XL:     9   Next: 14%
Magic:  7/7        EV:  8    Int:  3    God:
Gold:   106        SH: 14    Dex: 10    Spells: 0 memorised, 8 levels left

rFire  . . .     SeeInvis .     C - +4 war axe (venom)
rCold  . . .     Gourm    .     b - +0 scale mail
rNeg   . . .     Faith    .     c - +0 shield
rPois  .         Spirit   .     (helmet restricted)
rElec  .         Dismiss  .     (no cloak)
rCorr  .         Reflect  +     (no gloves)
SustAt .         Harm     .     w - +2 pair of boots
MR     .....                    g - +3 amulet of reflection
Stlth  ..........               (no ring)
                                (no ring)

@: not resistant to hostile enchantments, extremely unstealthy
A: retaliatory headbutt, hooves 1, horns 2, iridescent scales 1, dopey 1, low mp
2
a: no special abilities


You were on level 7 of the Dungeon.
You were not hungry.

You visited 1 branch of the dungeon, and saw 7 of its levels.

You collected 434 gold pieces.
You spent 328 gold pieces at shops.

Inventory:

Hand Weapons
 h - a +0 hunting sling
 A - a +1 spear of venom
 C - a +4 war axe of venom (weapon)
Missiles
 e - 77 sling bullets
 p - 14 poisoned needles
 B - a tomahawk of returning (quivered)
 D - 2 needles of sleeping
Armour
 b - a +0 scale mail (worn)
 c - a +0 shield (worn)
 w - a +2 pair of boots (worn)
Jewellery
 g - a +3 amulet of reflection (around neck)
Wands
 d - a wand of enslavement (15/24)
 s - a wand of lightning (1/15)
 y - a wand of confusion (29/48)
 F - a wand of lightning (6/15)
Scrolls
 k - a scroll of immolation
 r - 2 scrolls of remove curse
 t - 3 scrolls of magic mapping
 I - a scroll of torment {unknown}
 J - 2 scrolls of identify
Potions
 a - a potion of brilliance {unknown}
 i - a potion of flight {unknown}
 j - a potion of curing
 l - 2 potions of invisibility
 m - 3 potions of resistance {unknown}
 n - a potion of magic {unknown}
 v - 2 potions of agility {unknown}
 x - 2 potions of cure mutation
 z - a potion of mutation {unknown}
 E - a potion of cancellation {unknown}
 H - a potion of haste {unknown}
 K - a potion of degeneration {unknown}
Comestibles
 f - 6 bread rations
 o - 5 fruits
 q - 4 meat rations
 u - a beef jerky
 G - 4 chunks of flesh


   Skills:
 * Level 6.9 Fighting
 + Level 5.1 Axes
 + Level 5.0 Slings
 + Level 0.6(2.9) Throwing
 * Level 7.9 Armour
 + Level 1.3 Stealth
 * Level 8.7 Shields
 + Level 1.4 Evocations


You had 8 spell levels left.
You didn't know any spells.

Dungeon Overview and Level Annotations

Branches:
Dungeon (7/15)             Temple (0/1) D:5

Altars:
Ashenzari
Elyvilon
Gozag
Kikubaaqudgha
Pakellas
Qazlal
Ru
Sif Muna
Trog
Xom
Yredelemnul
Zin

Shops:
D:4 %   D:5 *


Innate Abilities, Weirdness & Mutations

You reflexively headbutt those who attack you in melee.
You have a pair of horns on your head.
You have large cloven feet.
You are partially covered in iridescent scales (AC +4).
You are dopey. (Int -2)
Your magical capacity is very low (-20% MP).


Message History

The kobold explodes!
The fiery explosion engulfs the big kobold.
The big kobold is severely wounded.
The fiery explosion engulfs something.
The fiery explosion engulfs you!
Ouch! That really hurt!
* * * LOW HITPOINT WARNING * * *
Reactivating autopickup.
You feel a bit more experienced.
The fiery explosion engulfs the big kobold.
The big kobold explodes!
The fiery explosion engulfs the orc wizard.
The orc wizard explodes!
The fiery explosion engulfs the kobold.
The kobold explodes!
The fiery explosion engulfs the kobold.
The kobold explodes!
The fiery explosion engulfs the orc wizard.
The orc wizard explodes!
The fiery explosion engulfs you!
You die...

...)............
.................
......%..........
.................
........§........
.....%§§§§§§.....
......§§§§§§.....
......§§§§K......
......§§@§§......
......§§§........
.................
.................
.................
.................
.................
.%..............


You could see a kobold (inner flame).

Vanquished Creatures
  Eustachio (D:5)
  2 phantoms (D:4)
  A sky beast (D:4)
  An ice beast (D:5)
  3 ogres
  2 giant frogs (D:6)
  2 gnoll sergeants (D:5)
  5 killer bees (D:5)
  A crimson imp (D:6)
  A quasit (D:6)
  A hound (D:5)
  3 gnoll shamans (D:5)
  A centaur skeleton (D:4)
  Jessica (D:6)
  A giant frog skeleton (D:3)
  An iguana (D:4)
  3 orc wizards
  6 worker ants
  A hound skeleton (D:6)
  A worker ant zombie (D:5)
  29 gnolls
  4 adders
  An adder zombie (D:5)
  4 worms
  A dart slug (D:1)
  8 giant geckos
  11 orcs
  3 ball pythons
  A bat zombie (D:2)
  2 giant cockroaches (D:2)
  8 goblins
  3 hobgoblins
  19 jackals
  13 kobolds
  2 quokkas (D:2)
  9 bats
  A giant newt (D:1)
  A jackal skeleton (D:4)
  10 rats
  A rat zombie (D:2)
  A spectral orc (D:2)
  A plant (D:5)
171 creatures vanquished.

Vanquished Creatures (collateral kills)
  A gnoll shaman (D:5)
  6 gnolls (D:5)
  A jackal (D:5)
8 creatures vanquished.

Vanquished Creatures (others)
  A gnoll (D:5)
1 creature vanquished.

Grand Total: 180 creatures vanquished

Notes
Turn   | Place    | Note
--------------------------------------------------------------
     0 | D:1      | magog001 the Minotaur Fighter began the quest for the Orb.
     0 | D:1      | Reached XP level 1. HP: 19/19 MP: 0/0
   440 | D:1      | Reached XP level 2. HP: 27/27 MP: 1/1
  1290 | D:2      | Found a sacrificial altar of Ru.
  1338 | D:2      | Reached XP level 3. HP: 29/33 MP: 2/2
  1369 | D:2      | Reached skill level 4 in Shields
  1410 | D:2      | Found an ancient bone altar of Kikubaaqudgha.
  1601 | D:2      | Found a glowing silver altar of Zin.
  1878 | D:2      | Found a basalt altar of Yredelemnul.
  1978 | D:2      | Reached skill level 1 in Slings
  2350 | D:3      | Reached XP level 4. HP: 40/40 MP: 3/3
  2704 | D:3      | Reached XP level 5. HP: 42/47 MP: 4/4
  3140 | D:3      | Found a bloodstained altar of Trog.
  3247 | D:3      | Found a shattered altar of Ashenzari.
  3519 | D:4      | Found a stormy altar of Qazlal.
  3522 | D:4      | Noticed a phantom
  3573 | D:4      | Killed a phantom
  3573 | D:4      | Reached skill level 5 in Fighting
  3573 | D:4      | Reached XP level 6. HP: 23/56 MP: 5/5
  3875 | D:4      | Found Eggude's Food Emporium.
  3886 | D:4      | Bought a bread ration for 70 gold pieces
  3886 | D:4      | Bought a meat ration for 70 gold pieces
  3886 | D:4      | Bought a beef jerky for 21 gold pieces
  3909 | D:4      | Reached skill level 5 in Armour
  3909 | D:4      | Reached skill level 5 in Shields
  3983 | D:4      | Found a shimmering altar of Xom.
  3983 | D:4      | Found an oddly glowing altar of Pakellas.
  3984 | D:4      | Found a white marble altar of Elyvilon.
  4016 | D:4      | Noticed a sky beast
  4024 | D:4      | Killed a sky beast
  4024 | D:4      | Reached XP level 7. HP: 55/61 MP: 6/6
  4030 | D:4      | Gained mutation: You are partially covered in slimy green scales (AC +2). [mutagenic meat]
  4180 | D:4      | Bought a meat ration for 70 gold pieces
  4187 | D:4      | Lost mutation: You are partially covered in slimy green scales (AC +2). [potion of cure mutation]
  4188 | D:4      | Gained mutation: You have large cloven feet. [mutagenic meat]
  4189 | D:4      | Gained mutation: You are partially covered in iridescent scales (AC +4). [mutagenic meat]
  4190 | D:4      | Gained mutation: You are dopey. (Int -2) [mutagenic meat]
  4191 | D:4      | Gained mutation: Your magical capacity is low (-10% MP). [mutagenic meat]
  4192 | D:4      | Gained mutation: Your magical capacity is very low (-20% MP). [mutagenic meat]
  4210 | D:5      | Entered Level 5 of the Dungeon
  4245 | D:5      | Noticed Eustachio
  4264 | D:5      | Killed Eustachio
  4264 | D:5      | Reached skill level 5 in Slings
  4264 | D:5      | Reached skill level 1 in Stealth
  4333 | D:5      | Reached skill level 6 in Shields
  4353 | D:5      | Reached XP level 8. HP: 24/70 MP: 5/5
  4622 | D:5      | Reached skill level 7 in Shields
  4675 | D:5      | Reached skill level 1 in Evocations
  5130 | D:5      | Reached skill level 8 in Shields
  5533 | D:5      | Found a staircase to the Ecumenical Temple.
  5749 | D:5      | Found Iqykyge's General Store.
  5754 | D:5      | Bought a scroll of enchant weapon for 97 gold pieces
  5973 | D:6      | Reached skill level 5 in Axes
  5999 | D:6      | Reached XP level 9. HP: 78/78 MP: 7/7
  6061 | D:6      | Noticed Jessica
  6072 | D:6      | Killed Jessica
  6089 | D:6      | Found a deep blue altar of Sif Muna.
  6135 | D:6      | Found an opulent altar of Gozag.
  6252 | D:7      | Killed from afar by an orc wizard

Skill      XL: |  1  2  3  4  5  6  7  8 |
---------------+-------------------------+-----
Fighting       | 4 5 6 |  6.9
Armour         | 4 5 6 7 |  7.9
Shields        | 4 5 6 8 |  8.7
Slings         | 1 2 4 5 |  5.0
Axes           | 3 5 |  5.1
Stealth        | 1 |  1.3
Evocations     | 1 |  1.4
Throwing       | |  0.6

Action                   |  1- 3 |  4- 6 |  7- 9 || total
-------------------------+-------+-------+-------++-------
Melee: War axe           |    40 |    87 |   184 ||   311
       Headbutt          |     2 |    16 |    36 ||    54
 Fire: Hunting sling     |    93 |   112 |     6 ||   211
Throw: Tomahawk          |       |     1 |     3 ||     4
Evoke: Wand              |       |       |     7 ||     7
  Use: Scroll            |     9 |     6 |     5 ||    20
       Potion            |       |     4 |     2 ||     6
 Stab: Distracted        |       |       |     1 ||     1
  Eat: Chunk             |     4 |     3 |    12 ||    19
       Fruit             |       |     2 |       ||     2
       Beef jerky        |       |     1 |     1 ||     2
Armor: Scale mail        |    47 |    64 |    83 ||   194
Dodge: Dodged            |    22 |    35 |    64 ||   121
Block: Shield            |    84 |   104 |   164 ||   352
       Reflection        |     2 |     4 |       ||     6
